 Dungeon Crawl Stone Soup version 0.29.1-15-g9cfb28693d (webtiles) character file.

Game seed: 3889857159771136368

3647 EarthwalkerPL the Protected (level 9, -1/84 HPs)
             Began as a Minotaur Fighter on Apr 18, 2023.
             Was a Believer of Okawaru.
             Slain by an orc warrior
             ... wielding a +0 war axe
              (7 damage)
             ... on level 7 of the Dungeon.
             The game lasted 00:13:01 (8080 turns).

EarthwalkerPL the Protected (Minotaur Fighter)      Turns: 8080, Time: 00:13:01

Health: -1/84      AC: 11    Str: 31    XL:     9   Next: 88%
Magic:  17/17      EV: 10    Int: 11    God:    Okawaru [**....]
Gold:   339        SH: 10    Dex: 10    Spells: 8/8 levels left

rFire   + . .      SeeInvis .   N - +3 morningstar
rCold   + . .      Faith    .   c - +0 buckler
rNeg    . . .      Spirit   .   b - +0 scale mail
rPois   .          Reflect  +   (helmet restricted)
rElec   .          Harm     .   n - +1 cloak
rCorr   +          Rampage  .   (no gloves)
Will    .....                   (no boots)
Stlth   ..........              q - amulet of reflection
HPRegen 0.24/turn               j - ring of Ygheash {rC+ rCorr Str+6}
MPRegen 0.15/turn               u - ring "Vasi" {rF+ MP+9 Int+6}

@: no status effects
A: horns 2, retaliatory headbutt
a: Renounce Religion, Heroism


You were on level 7 of the Dungeon.
You worshipped Okawaru.
Okawaru was pleased with you.
You visited 2 branches of the dungeon, and saw 9 of its levels.

You collected 339 gold pieces.

Inventory:

Hand Weapons
 a - a +0 war axe
 B - a +4 flail of draining
 N - a +3 morningstar (weapon)
Missiles
 m - 27 poisoned darts (quivered)
 r - 5 boomerangs
 L - a curare-tipped dart
 M - a boomerang of dispersal
Armour
 b - a +0 scale mail (worn)
 c - a +0 buckler (worn)
 n - a +1 cloak (worn)
Jewellery
 j - the ring of Ygheash (left hand) {rC+ rCorr Str+6}
   (You found it on level 2 of the Dungeon)

   [ring of resist corrosion]

   Str:       It affects your strength (+6).
   rC:        It protects you from cold.
   rCorr:     It protects you from acid and corrosion.
 q - an amulet of reflection (around neck)
 t - an amulet of faith
 u - the ring "Vasi" (right hand) {rF+ MP+9 Int+6}
   (You found it on level 4 of the Dungeon)

   [ring of intelligence]

   Int:       It affects your intelligence (+6).
   rF:        It protects you from fire.
   MP:        It affects your magic capacity (+9).
 w - a ring of positive energy
 A - a ring of ice
Wands
 y - a wand of polymorph (9)
 C - a wand of quicksilver (8)
 K - a wand of mindburst (15)
Scrolls
 e - 14 scrolls of identify {unknown}
 i - a scroll of noise {unknown}
 k - 2 scrolls of magic mapping {unknown}
 l - 3 scrolls of torment {unknown}
 p - 3 scrolls of teleportation {unknown}
 H - a scroll of acquirement {unknown}
 I - a scroll of enchant weapon {unknown}
 J - a scroll of poison {unknown}
Potions
 d - 2 potions of might
 f - 3 potions of attraction {unknown}
 g - a potion of haste {unknown}
 h - a potion of flight {unknown}
 o - 2 potions of curing {unknown}
 s - a potion of cancellation {unknown}
 v - 5 potions of brilliance {unknown}
 x - 2 potions of heal wounds {unknown}
 z - a potion of lignification {unknown}
 D - a potion of magic {unknown}
 E - a potion of berserk rage {unknown}
 F - a potion of invisibility {unknown}
 G - a potion of ambrosia {unknown}


   Skills:
 * Level 9.4 Fighting
 * Level 9.0(9.5) Axes
 * Level 4.8(7.5) Maces & Flails
 * Level 9.5 Armour
 + Level 7.1 Shields


You had 8 spell levels left.
You didn't know any spells.
Your spell library contained the following spells:

 Spells                   Type           Power      Damage    Failure   Level
 Sting                    Tmut/Pois      0%         1d3       63%         1
 Poisonous Vapours        Pois/Air       0%         N/A       77%         2
 Inner Flame              Hex/Fire       0%         N/A       94%         3
 Cause Fear               Hex            0%         N/A       100%        4
 Olgreb's Toxic Radiance  Pois           0%         N/A       100%        4
 Fireball                 Conj/Fire      0%         3d3       100%        5
 Iskenderun's Battlesphe  Conj           0%         2d6       100%        5
 Conjure Ball Lightning   Conj/Air       0%         3x3d6     100%        6
 Orb of Destruction       Conj           0%         9d5       100%        7
 Discord                  Hex            0%         N/A       100%        8


Dungeon Overview and Level Annotations

Branches:
Dungeon (8/15)             Temple (1/1) D:6
   Lair: D:8-11

Altars:
Ashenzari
Dithmenos
Elyvilon
Fedhas
Gozag
Hepliaklqana
Makhleb
Nemelex Xobeh
Okawaru
Ru
Trog
Uskayaw
Vehumet
Xom
Yredelemnul
Zin
The Shining One

Shops:
D:1 *

Annotations:
D:3 2 transporters
D:8 Maurice


Innate Abilities, Weirdness & Mutations

You have a pair of horns on your head.
You reflexively headbutt those who attack you in melee.


Message History

The orc wizard flickers and vanishes!
The orc warrior attacks as you move away!
The orc warrior hits you but does no damage.
The orc warrior attacks as you move away!
You block the orc warrior's attack.
The orc warrior attacks as you move away!
The orc warrior closely misses you.
The orc warrior attacks as you move away!
You block the orc warrior's attack.
The orc warrior attacks as you move away!
The orc warrior hits you with a +0 war axe!
* * * LOW HITPOINT WARNING * * *
The orc warrior attacks as you move away!
The orc warrior misses you.
There is a stone staircase leading up here.
You block the orc warrior's attack.
You climb upwards.
Reactivating autopickup.
There is a stone staircase leading down here.
You are too injured to fight recklessly!
You are too injured to fight recklessly!
You are too injured to fight recklessly!
You closely miss the orc warrior.
The orc warrior is moderately wounded.
The orc warrior hits you with a +0 war axe!
* * * LOW HITPOINT WARNING * * *
You block the orc warrior's attack.
You hit the orc warrior.
You headbutt the orc warrior, but do no damage.
The orc warrior is moderately wounded.
The orc warrior barely misses you. You furiously retaliate!
You headbutt the orc warrior, but do no damage.
You impale the orc warrior!!
The orc warrior is almost dead.
The orc warrior hits you with a +0 war axe!
* * * LOW HITPOINT WARNING * * *
You barely miss the orc warrior.
The orc warrior is almost dead.
The orc warrior hits you with a +0 war axe!
You die...

.#...# ##.####.##
.....# #..<.....#
.#.[)# #..#.##..#
...<.####..#.##..#
.................#
.########.#####..#
.# #.#####..# .#
#.......o# .#
############@# ##
#.....# #.#
#####.....# #.#
..........# #.#
.####.....# ##.##
.# #.....# #...#
.# ####### #..##
.# #.## .##### #.#


You could see an orc warrior.

Vanquished Creatures
  Pikel (D:5)
  Sigmund (D:4)
  4 yaks (D:8)
  A steam dragon (D:8)
  2 sky beasts (D:7)
  An orc warrior (D:8)
  3 black bears
  An ogre (D:5)
  A centaur (D:5)
  2 phantoms (D:5)
  A gnoll sergeant (D:5)
  2 bullfrogs
  A kobold brigand (D:7)
  A necrophage (D:5)
  2 scorpions (D:4)
  7 wights (D:7)
  An electric eel (D:6)
  A hound (D:5)
  2 jellies
  4 orc priests
  2 gnoll boudas
  An iguana (D:6)
  2 orc wizards
  12 gnolls
  7 adders
  3 shadow imps
  A worm (D:5)
  12 dart slugs
  32 orcs
  5 bats
  7 endoplasms
  6 giant cockroaches
  8 goblins
  6 hobgoblins
  2 quokkas (D:1)
  4 ball pythons
  2 frilled lizards
  10 kobolds
  2 rats
163 creatures vanquished.

Vanquished Creatures (others)
  6 plants (D:7)
  2 withered plants (D:3)
8 creatures vanquished.

Grand Total: 171 creatures vanquished

Notes
Turn   | Place    | Note
-------+----------+-------------------------------------------
     0 | D:1      | EarthwalkerPL the Minotaur Fighter began the quest for the
                  | Orb.
     0 | D:1      | Reached XP level 1. HP: 19/19 MP: 0/0
   223 | D:1      | Found Lesmujot's Assorted Antiques.
   256 | D:1      | Reached XP level 2. HP: 27/27 MP: 1/1
  1121 | D:2      | Reached XP level 3. HP: 33/33 MP: 2/2
  1161 | D:2      | Identified the ring of Ygheash {rC+ rCorr Str+6}
  1736 | D:3      | Reached XP level 4. HP: 41/41 MP: 3/3
  1960 | D:3      | Found a transporter.
  2141 | D:3      | Found a transporter.
  2208 | D:3      | Found a faded altar of an unknown god.
  2753 | D:4      | Noticed a scorpion
  2758 | D:4      | Killed a scorpion
  2759 | D:4      | Reached skill level 5 in Armour
  2759 | D:4      | Reached XP level 5. HP: 47/47 MP: 4/4
  2768 | D:4      | Identified the ring "Vasi" {rF+ MP+9 Int+6}
  2880 | D:4      | You fall into a shaft and drop 1 floor!
  2880 | D:5      | Entered Level 5 of the Dungeon
  2897 | D:4      | Noticed a black bear
  2904 | D:4      | Killed a black bear
  2905 | D:4      | Reached skill level 5 in Fighting
  2905 | D:4      | Reached XP level 6. HP: 34/56 MP: 5/5
  3611 | D:4      | Noticed Sigmund
  3614 | D:4      | Killed Sigmund
  3615 | D:4      | Reached skill level 5 in Axes
  3615 | D:4      | Reached XP level 7. HP: 63/63 MP: 6/6
  3743 | D:5      | Reached skill level 5 in Shields
  4026 | D:5      | Found a sparkling altar of Nemelex Xobeh.
  4048 | D:5      | Noticed Pikel
  4063 | D:5      | Killed Pikel
  4064 | D:5      | Reached XP level 8. HP: 50/73 MP: 0/7
  4952 | D:6      | Found a staircase to the Ecumenical Temple.
  4958 | Temple   | Entered the Ecumenical Temple
  5119 | Temple   | Became a worshipper of Warmaster Okawaru
  5215 | D:7      | Reached skill level 1 in Maces & Flails
  5483 | D:6      | Found a glowing silver altar of Zin.
  5484 | D:6      | Found a white marble altar of Elyvilon.
  5485 | D:6      | Found a glowing golden altar of the Shining One.
  6183 | D:6      | Reached XP level 9. HP: 56/81 MP: 8/8
  6318 | D:6      | Found a hazy altar of Hepliaklqana.
  6348 | D:6      | Reached * piety under Okawaru
  7913 | D:8      | Reached ** piety under Okawaru
  8052 | D:8      | Noticed Maurice
  8080 | D:7      | Slain by an orc warrior

Illustrated notes

Levels and vault maps discovered:
D:1:      minmay_arrival_four_circles, layout_basic, serial_shops,
          nicolae_shop_hallway_plus, minivault_14, st_stairs_7, minmay_ruptured
D:2:      layout_loops_ring
D:3:      gammafunk_wand_slinger, layout_basic,
          ebering_ecumenical_altar_petrified
D:4:      layout_cave_pools, serial_glass, glass_columns_b, glass_columns_a,
          minmay_fountain_box, chequers_serial_rivers_large_a,
          minmay_misc_feat_roman, minivault_26, uniq_sigmund
D:5:      layout_loops_ring, nemelex_xobeh_ov_fountains_minmay, uniq_pikel
D:6:      kennysheep_slugbush, layout_loops_ring, good_gods_temple_1,
          worldfamousw_hep_ancestral_shrine, temple_green, st_stairs_12,
          minmay_misc_feat_square
D:7:      layout_loops_cross, serial_bayou_pond_e
D:8:      layout_rooms, lair_entry_dummy, serial_shops,
          nicolae_shop_statue_plus, serial_curves, eino_curves_01,
          eino_curves_04, uniq_maurice, uniq_gastronok, uniq_maggie
Temple:   hc_temple_tempest_star

Skill      XL: |  1  2  3  4  5  6  7  8  9 |
---------------+----------------------------+-----
Armour         | 4 5 6 7 8 9 |  9.5
Axes           | 3 4 5 6 7 9 |  9.0
Fighting       | 4 5 6 7 8 9 |  9.4
Shields        | 4 5 6 7 |  7.1
Maces & Flails | 1 4 |  4.8

Action                   |  1- 3 |  4- 6 |  7- 9 || total
-------------------------+-------+-------+-------++-------
Melee: War axe           |    66 |    71 |    76 ||   213
       Headbutt          |     8 |     7 |    53 ||    68
       Unarmed           |       |       |    16 ||    16
       Flail             |       |       |   141 ||   141
       Morningstar       |       |       |    69 ||    69
Throw: Dart              |       |       |     5 ||     5
Armor: Scale mail        |    26 |    33 |   101 ||   160
       Skin              |       |       |     1 ||     1
Dodge: Dodged            |    15 |    37 |   105 ||   157
Block: Buckler           |    15 |    38 |   130 ||   183
       Reflection        |       |     4 |    13 ||    17
